 Dungeon Crawl Stone Soup version 0.29.0-4-gdea44cf6ec (webtiles) character file.

Game seed: 11992600179033167001

7993 qw the Severer (level 11, -3/148 HPs)
             Began as a Minotaur Berserker on Sept 7, 2022.
             Was an Elder of Trog.
             Succumbed to Sonja's poison
             ... on level 9 of the Dungeon.
             The game lasted 00:03:19 (10918 turns).

qw the Severer (Minotaur Berserker)                Turns: 10918, Time: 00:03:20

Health: -3/148     AC: 21    Str: 26    XL:     11   Next: 4%
Magic:  10/10      EV:  8    Int:  4    God:    Trog [****..]
Gold:   369        SH:  0    Dex: 10    Spells: 10/10 levels left

rFire   . . .      SeeInvis .   Y - +0 war axe
rCold   + . .      Faith    .   (no shield)
rNeg    . . .      Spirit   .   t - +0 plate armour
rPois   .          Reflect  .   (helmet restricted)
rElec   .          Harm     .   c - scarf {repulsion}
rCorr   .          Rampage  .   i - +0 pair of gloves
Will    .....                   j - +1 pair of boots
Stlth   ..........              l - amulet of the acrobat
HPRegen 0.34/turn               d - +4 ring of protection
MPRegen 0.12/turn               r - ring of protection from cold

@: berserking, lethally poisoned (-3 -> -121), repel missiles, very quick
A: horns 2, retaliatory headbutt
a: Renounce Religion, Berserk, Trog's Hand, Brothers in Arms


You were on level 9 of the Dungeon.
You worshipped Trog.
Trog was greatly pleased with you.
You visited 1 branch of the dungeon, and saw 10 of its levels.

You collected 463 gold pieces.
You spent 94 gold pieces at shops.


Innate Abilities, Weirdness & Mutations

You have a pair of horns on your head.
You reflexively headbutt those who attack you in melee.


   Skills:
 + Level 9.8 Fighting
 - Level 16.0 Axes
 - Level 2.1 Throwing
 - Level 8.0 Armour
 - Level 4.0 Dodging


You had 10 spell levels left.
You didn't know any spells.
Your spell library was empty.

Inventory:

Hand Weapons
 k - a +2 hand axe of flaming
 Y - a +0 war axe (weapon)
Armour
 c - a scarf of repulsion (worn)
 g - a +0 cloak
 i - a +0 pair of gloves (worn)
 j - a +1 pair of boots (worn)
 t - a +0 plate armour (worn)
Jewellery
 d - a +4 ring of protection (left hand)
 l - an amulet of the acrobat (around neck)
 r - a ring of protection from cold (right hand)
Scrolls
 a - 3 scrolls of teleportation
 b - a scroll of identify
Potions
 e - 2 potions of heal wounds
 f - a potion of cancellation
 h - 2 potions of resistance
 m - a potion of curing
 p - a potion of haste
 q - a potion of might
 u - a potion of mutation {unknown}

Dungeon Overview and Level Annotations

Branches:
Dungeon (10/15)            Temple (0/1) D:4
   Lair: D:8-11         Orc: D:9-12

Altars:
Ashenzari
Gozag
Hepliaklqana
Makhleb
Qazlal
Ru
Sif Muna
Trog
Vehumet
Xom
The Shining One

Shops:
D:3 (   D:4 (   D:6 [

Annotations:
D:7 1 runed translucent door, Crazy Yiuf
D:9 Sonja


Message History

You feel extremely sick. Sonja hits you but does no damage.
You are more poisoned.
Sonja hits you but does no damage.
You are lethally poisoned!
Sonja hits you but does no damage.
You are more poisoned.
You miss Sonja.
Sonja is moderately wounded.
You feel extremely sick. Sonja hits you but does no damage.
You are more poisoned.
Sonja hits you but does no damage.
You are more poisoned.
Sonja hits you but does no damage.
You are more poisoned.
You closely miss Sonja.
Sonja is moderately wounded.
You feel extremely sick.
Sonja hits you with a +2 short sword of venom.
You are more poisoned.
Sonja hits you but does no damage.
You are more poisoned.
Sonja hits you with a +2 short sword of venom.
You are more poisoned.
You miss Sonja. Your headbutt misses Sonja.
Sonja is moderately wounded.
You feel extremely sick.
You completely miss Sonja.
Sonja is moderately wounded.
You feel extremely sick.
Sonja hits you with a +2 short sword of venom.
You are more poisoned.
Sonja hits you with a +2 short sword of venom.
You are more poisoned.
Sonja hits you but does no damage.
You are more poisoned.
You barely miss Sonja. Your headbutt misses Sonja.
Sonja is moderately wounded.
You die...

..........#..)....#...#......#
.................##...##.....#
.###......#).....#.....#.....#
......<..........#.....#.....#
..........#..............#...####
............................###..
....................#####.....#..
##.......##.....K.....#.#........
####.....##....@...........#....
##........#....)(.......#)..#.##.
##........#.......#..).##........
..........#.##...##...##.........
##.#........##....#...##.........
####........##....)))..#.........
.##..##...................#......
##.......###..#..........##...>#.
........<##...#..........#....###


You could see Sonja.

Vanquished Creatures
  A hydra (D:8)
  A deep elf pyromancer (D:8)
  An ugly thing (D:8)
  Maggie (D:7)
  2 kobold demonologists (D:9)
  A hornet (D:8)
  Grinder (D:6)
  Sigmund (D:6)
  A wyvern (D:8)
  12 yaks
  A steam dragon (D:8)
  3 water moccasins
  4 orc warriors
  2 black bears
  An ogre (D:6)
  2 centaurs
  5 bullfrogs
  3 kobold brigands (D:9)
  A necrophage (D:5)
  A gnoll sergeant (D:6)
  5 wights (D:9)
  7 howler monkeys
  3 hounds
  A jelly (D:7)
  6 orc priests
  4 iguanas
  11 orc wizards
  8 adders
  3 gnolls (D:6)
  A shadow imp (D:5)
  2 ufetubi
  2 worms
  3 dart slugs
  30 orcs
  7 ball pythons
  9 bats
  4 endoplasms
  2 giant cockroaches
  3 goblins
  3 hobgoblins
  4 quokkas
  22 kobolds
  5 rats (D:1)
190 creatures vanquished.

Notes
Turn   | Place    | Note
-------+----------+-------------------------------------------
     0 | D:1      | qw the Minotaur Berserker began the quest for the Orb.
     0 | D:1      | Reached XP level 1. HP: 19/19 MP: 0/0
     0 | D:1      | 0 ||| qw: Version: 0.1-a-108-g9e35731
     0 | D:1      | 0 ||| qw: Game counter: 6477
     0 | D:1      | 0 ||| qw: Always use a shield: true
     0 | D:1      | 0 ||| qw: Do Orc after D:15 true
     0 | D:1      | 0 ||| qw: Do second Lair branch before Depths: true
     0 | D:1      | 0 ||| qw: Lair rune preference: random
     0 | D:1      | 0 ||| qw: Plans: Normal
     0 | D:1      | 0 ||| PLANNING D:1-11
    76 | D:1      | Reached skill level 4 in Axes
   171 | D:1      | 171 ||| INVOKING Berserk.
   173 | D:1      | Reached XP level 2. HP: 15/26 MP: 1/1
   478 | D:1      | 478 ||| Stepping ~*~*~tactically~*~*~ (stealth).
   480 | D:1      | 480 ||| Stepping ~*~*~tactically~*~*~ (stealth).
   737 | D:1      | 737 ||| Stepping ~*~*~tactically~*~*~ (hiding).
   839 | D:1      | 839 ||| Stepping ~*~*~tactically~*~*~ (hiding).
  1146 | D:1      | Reached skill level 5 in Axes
  1383 | D:1      | 1383 ||| UPGRADING to +0 pair of boots.
  1388 | D:1      | 1388 ||| UPGRADING to +2 scale mail of positive energy.
  1398 | D:1      | 1398 ||| DROPPING +0 animal skin.
  1399 | D:1      | 1399 ||| UPGRADING to amulet of the acrobat.
  1404 | D:1      | 1404 ||| READING 3 scrolls labelled SOUSIH YHASOLA.
  1407 | D:1      | 1407 ||| READING 2 scrolls labelled ATUATUZUOX.
  1408 | D:1      | 1408 ||| READING 3 scrolls labelled JOJ FUOG XIE.
  1409 | D:1      | 1409 ||| READING scroll labelled GAYSTR BACOS.
  1410 | D:1      | 1410 ||| READING scroll labelled KIMOTR FOKLUSTAT.
  1411 | D:1      | 1411 ||| READING scroll labelled PEAZXU ZOIMANWU.
  1412 | D:1      | 1412 ||| DROPPING scroll of magic mapping.
  1413 | D:1      | 1413 ||| DROPPING 2 scrolls of noise.
  1461 | D:2      | 1461 ||| Stepping ~*~*~tactically~*~*~ (hiding).
  1465 | D:2      | 1465 ||| INVOKING Berserk.
  1477 | D:2      | Reached XP level 3. HP: 22/31 MP: 2/2
  1686 | D:2      | 1686 ||| INVOKING Berserk.
  1827 | D:2      | Reached XP level 4. HP: 39/39 MP: 3/3
  1833 | D:2      | Reached skill level 6 in Axes
  2190 | D:2      | 2190 ||| DROPPING +0 club.
  2333 | D:2      | Found a faded altar of an unknown god.
  2418 | D:2      | 2418 ||| UPGRADING to +0 chain mail.
  2428 | D:2      | 2428 ||| DROPPING +2 scale mail of positive energy.
  2429 | D:2      | 2429 ||| DROPPING amulet of magic regeneration.
  2430 | D:2      | 2430 ||| READING scroll labelled OLEEFE FACLA.
  2431 | D:2      | 2431 ||| READING scroll labelled NONLOE TOISM.
  2432 | D:2      | 2432 ||| DRINKING 2 fuming white potions.
  2433 | D:2      | 2433 ||| DRINKING 3 metallic purple potions.
  2487 | D:3      | Found Ubiasaiw's Weapon Shoppe.
  2495 | D:3      | 2495 ||| SHOPLISTING +0 whip of electrocution (114 gold,
                  | have 52).
  2859 | D:3      | 2859 ||| READING scroll of enchant armour.
  2859 | D:3      | 2859 ||| ENCHANTING +0 pair of boots.
  3128 | D:3      | 3128 ||| READING 2 scrolls labelled GUWNAO BOAXUAR.
  3129 | D:3      | 3129 ||| READING scroll labelled DIRROSO ZEETZU.
  3130 | D:3      | 3130 ||| DRINKING 2 smoky brown potions.
  3131 | D:3      | 3131 ||| DRINKING 2 amethyst potions.
  3132 | D:3      | 3132 ||| DROPPING potion of brilliance.
  3133 | D:3      | 3133 ||| DROPPING potion of attraction.
  3163 | D:4      | Found Miucusk's Weapon Shoppe.
  3169 | D:4      | 3169 ||| SHOPLISTING +4 hand axe of draining (274 gold,
                  | have 132).
  3205 | D:4      | 3205 ||| Stepping ~*~*~tactically~*~*~ (stealth).
  3249 | D:4      | 3249 ||| INVOKING Berserk.
  3256 | D:4      | Reached XP level 5. HP: 45/45 MP: 4/4
  3473 | D:4      | Found a shimmering blue altar of Sif Muna.
  3489 | D:4      | Reached skill level 7 in Axes
  3497 | D:4      | Reached ** piety under Trog
  3551 | D:4      | 3551 ||| DROPPING +2 whip of venom.
  3654 | D:4      | Found an opulent altar of Gozag.
  3709 | D:4      | Found a radiant altar of Vehumet.
  3772 | D:4      | Found a staircase to the Ecumenical Temple.
  3852 | D:4      | 3852 ||| Stepping ~*~*~tactically~*~*~ (hiding).
  3853 | D:4      | 3853 ||| INVOKING Berserk.
  3856 | D:4      | Reached XP level 6. HP: 52/52 MP: 5/5
  3863 | D:4      | Reached skill level 8 in Axes
  4006 | D:4      | 4006 ||| Stepping ~*~*~tactically~*~*~ (stealth).
  4007 | D:4      | 4007 ||| Stepping ~*~*~tactically~*~*~ (stealth).
  4093 | D:4      | 4093 ||| Stepping ~*~*~tactically~*~*~ (hiding).
  4292 | D:4      | 4292 ||| UPGRADING to +4 ring of protection.
  4293 | D:4      | 4293 ||| READING scroll labelled ZYDITS UBAUS.
  4294 | D:4      | 4294 ||| READING scroll labelled HETREI YNKETUU.
  4295 | D:4      | 4295 ||| READING 3 scrolls of identify.
  4295 | D:4      | 4295 ||| IDENTIFYING yellow potion
  4296 | D:4      | 4296 ||| READING 2 scrolls of identify.
  4296 | D:4      | 4296 ||| IDENTIFYING coppery potion
  4297 | D:4      | 4297 ||| READING 2 scrolls of teleportation.
  4335 | D:5      | Entered Level 5 of the Dungeon
  4340 | D:5      | 4340 ||| INVOKING Berserk.
  4645 | D:5      | Reached skill level 9 in Axes
  4687 | D:5      | 4687 ||| FLEEEEING.
  4688 | D:5      | 4688 ||| FLEEEEING.
  4689 | D:5      | 4689 ||| FLEEEEING.
  4690 | D:5      | 4690 ||| FLEEEEING.
  4691 | D:5      | 4691 ||| FLEEEEING.
  4692 | D:5      | 4692 ||| FLEEEEING.
  4693 | D:5      | 4693 ||| FLEEEEING.
  4694 | D:5      | 4694 ||| FLEEEEING.
  4695 | D:5      | 4695 ||| FLEEEEING.
  4696 | D:5      | 4696 ||| FLEEEEING.
  4705 | D:5      | 4705 ||| FLEEEEING.
  4706 | D:5      | 4706 ||| FLEEEEING.
  4707 | D:5      | 4707 ||| FLEEEEING.
  4708 | D:5      | 4708 ||| FLEEEEING.
  4709 | D:5      | 4709 ||| STAIRDANCE
  4760 | D:4      | 4760 ||| UPGRADING to scarf of repulsion.
  4806 | D:5      | Reached skill level 3 in Armour
  4806 | D:5      | Reached XP level 7. HP: 59/59 MP: 6/6
  5050 | D:5      | 5050 ||| READING 2 scrolls of teleportation.
  5058 | D:5      | 5058 ||| Stepping ~*~*~tactically~*~*~ (stealth).
  5583 | D:6      | Found Urogiq's Antique Armour Shop.
  5597 | D:6      | 5597 ||| BUYING cloak (94 gold).
  5597 | D:6      | Bought a cloak for 94 gold pieces
  5732 | D:6      | 5732 ||| Stepping ~*~*~tactically~*~*~ (hiding).
  5744 | D:6      | 5744 ||| INVOKING Berserk.
  5902 | D:6      | Noticed Sigmund
  5906 | D:6      | 5906 ||| INVOKING Berserk.
  5909 | D:6      | Killed Sigmund
  5910 | D:6      | Reached skill level 10 in Axes
  6030 | D:6      | Reached skill level 6 in Fighting
  6030 | D:6      | Reached XP level 8. HP: 70/70 MP: 7/7
  6057 | D:6      | Reached skill level 11 in Axes
  6069 | D:6      | Noticed Grinder
  6070 | D:6      | 6070 ||| Stepping ~*~*~tactically~*~*~ (hiding).
  6071 | D:6      | 6071 ||| Stepping ~*~*~tactically~*~*~ (hiding).
  6073 | D:6      | 6073 ||| INVOKING Trog's Hand.
  6074 | D:6      | 6074 ||| INVOKING Berserk.
  6080 | D:6      | Killed Grinder
  6194 | D:6      | 6194 ||| Stepping ~*~*~tactically~*~*~ (hiding).
  6324 | D:6      | Found a burning altar of Makhleb.
  6324 | D:6      | Found a glowing golden altar of the Shining One.
  6326 | D:6      | Found a hazy altar of Hepliaklqana.
  6503 | D:6      | 6503 ||| UPGRADING to +0 pair of gloves.
  6514 | D:7      | Noticed Maggie
  6526 | D:7      | Killed Maggie
  6527 | D:7      | Reached skill level 12 in Axes
  6677 | D:7      | Found a flagged portal.
  6685 | D:7      | 6685 ||| INVOKING Berserk.
  6887 | D:7      | Reached XP level 9. HP: 59/79 MP: 8/8
  7000 | D:7      | 7000 ||| INVOKING Berserk.
  7095 | D:7      | Found a bloodstained altar of Trog.
  7100 | D:7      | 7100 ||| INVOKING Berserk.
  7610 | D:7      | Found a runed translucent door.
  7611 | D:7      | Noticed Crazy Yiuf
  7873 | D:7      | 7873 ||| UPGRADING to ring of protection from cold.
  7874 | D:7      | 7874 ||| READING 2 scrolls of identify.
  7874 | D:7      | 7874 ||| IDENTIFYING sedimented brown potion
  7875 | D:7      | 7875 ||| DROPPING potion of degeneration.
  7931 | D:6      | Found a shimmering altar of Xom.
  7931 | D:6      | Found a sacrificial altar of Ru.
  7972 | D:8      | 7972 ||| STAIRDANCE
  7977 | D:7      | Reached skill level 13 in Axes
  8073 | D:8      | 8073 ||| Stepping ~*~*~tactically~*~*~ (stealth).
  8083 | D:8      | 8083 ||| INVOKING Berserk.
  8093 | D:8      | 8093 ||| FLEEEEING.
  8094 | D:8      | 8094 ||| FLEEEEING.
  8095 | D:8      | 8095 ||| STAIRDANCE
  8387 | D:8      | 8387 ||| Stepping ~*~*~tactically~*~*~ (stealth).
  8416 | D:8      | 8416 ||| Stepping ~*~*~tactically~*~*~ (stealth).
  8421 | D:8      | 8421 ||| Stepping ~*~*~tactically~*~*~ (stealth).
  8544 | D:8      | Reached skill level 14 in Axes
  8550 | D:8      | 8550 ||| Stepping ~*~*~tactically~*~*~ (stealth).
  8552 | D:8      | 8552 ||| Stepping ~*~*~tactically~*~*~ (stealth).
  8564 | D:8      | 8564 ||| SWAPPING to +2 hand axe of flaming.
  8565 | D:8      | 8565 ||| DROPPING +0 flail.
  8566 | D:8      | 8566 ||| DROPPING +1 hand axe of freezing.
  8569 | D:8      | 8569 ||| Stepping ~*~*~tactically~*~*~ (stealth).
  8689 | D:8      | 8689 ||| INVOKING Berserk.
  8848 | D:8      | 8848 ||| Stepping ~*~*~tactically~*~*~ (stealth).
  8850 | D:8      | 8850 ||| INVOKING Berserk.
  8941 | D:8      | 8941 ||| Stepping ~*~*~tactically~*~*~ (water).
  8947 | D:8      | Reached skill level 6 in Armour
  8957 | D:8      | Noticed a brown ugly thing
  8958 | D:8      | 8958 ||| SWAPPING to +0 war axe.
  8959 | D:8      | Noticed a deep elf pyromancer
  8965 | D:8      | Killed a deep elf pyromancer
  8965 | D:8      | Reached *** piety under Trog
  8966 | D:8      | Reached XP level 10. HP: 88/89 MP: 9/9
  8970 | D:8      | Killed a brown ugly thing
  8994 | D:8      | Noticed a seven-headed hydra
  8998 | D:8      | 8998 ||| SWAPPING to +2 hand axe of flaming.
  9000 | D:8      | 9000 ||| INVOKING Berserk.
  9008 | D:8      | Killed a two-headed hydra
  9009 | D:8      | Reached skill level 9 in Fighting
  9080 | D:8      | 9080 ||| Stepping ~*~*~tactically~*~*~ (stealth).
  9081 | D:8      | 9081 ||| SWAPPING to +0 war axe.
  9083 | D:8      | 9083 ||| Stepping ~*~*~tactically~*~*~ (stealth).
  9088 | D:8      | 9088 ||| Stepping ~*~*~tactically~*~*~ (hiding).
  9498 | D:8      | Found a stormy altar of Qazlal.
  9536 | D:8      | 9536 ||| INVOKING Berserk.
  9693 | D:8      | 9693 ||| INVOKING Berserk.
  9823 | D:8      | 9823 ||| UPGRADING to +0 plate armour.
  9833 | D:8      | 9833 ||| DROPPING +0 chain mail.
  9834 | D:8      | 9834 ||| READING 2 scrolls of identify.
  9834 | D:8      | 9834 ||| IDENTIFYING orange potion
  9888 | D:9      | 9888 ||| Stepping ~*~*~tactically~*~*~ (stealth).
  9889 | D:9      | 9889 ||| Stepping ~*~*~tactically~*~*~ (stealth).
  9909 | D:9      | 9909 ||| Stepping ~*~*~tactically~*~*~ (stealth).
  9911 | D:9      | 9911 ||| INVOKING Berserk.
  9918 | D:9      | Reached skill level 15 in Axes
  9933 | D:9      | 9933 ||| Stepping ~*~*~tactically~*~*~ (hiding).
 10117 | D:9      | 10117 ||| STAIRDANCE
 10122 | D:8      | 10122 ||| READING scroll labelled ZINORI YSIPP.
 10163 | D:9      | 10163 ||| Stepping ~*~*~tactically~*~*~ (hiding).
 10171 | D:9      | 10171 ||| Stepping ~*~*~tactically~*~*~ (hiding).
 10233 | D:9      | Found a broken altar of Ashenzari.
 10273 | D:9      | Reached **** piety under Trog
 10393 | D:9      | 10393 ||| Stepping ~*~*~tactically~*~*~ (stealth).
 10404 | D:9      | 10404 ||| Stepping ~*~*~tactically~*~*~ (stealth).
 10425 | D:9      | 10425 ||| Stepping ~*~*~tactically~*~*~ (stealth).
 10426 | D:9      | 10426 ||| Stepping ~*~*~tactically~*~*~ (stealth).
 10430 | D:9      | 10430 ||| Stepping ~*~*~tactically~*~*~ (stealth).
 10433 | D:9      | 10433 ||| Stepping ~*~*~tactically~*~*~ (stealth).
 10492 | D:9      | Noticed a smoke demon
 10503 | D:9      | Noticed a soul eater
 10510 | D:9      | Reached skill level 16 in Axes
 10796 | D:10     | Entered Level 10 of the Dungeon
 10799 | D:10     | 10799 ||| STAIRDANCE
 10803 | D:10     | 10803 ||| STAIRDANCE
 10814 | D:9      | Reached XP level 11. HP: 78/97 MP: 10/10
 10891 | D:10     | 10891 ||| STAIRDANCE
 10891 | D:10     | Noticed Sonja
 10901 | D:10     | 10901 ||| STAIRDANCE
 10905 | D:9      | 10905 ||| DRINKING 2 potions of curing.
 10905 | D:9      | 10905 ||| (to cure bad poison)
 10913 | D:9      | 10913 ||| INVOKING Berserk.
 10915 | D:9      | HP: 37/148 [Sonja/+2 short sword of venom (2)]
 10917 | D:9      | HP: 18/148 [poisoned by Sonja]
 10918 | D:9      | Succumbed to Sonja's poison

Levels and vault maps discovered:
D:1:      psy_arrival_spokes, layout_loops_cross, serial_aquarium,
          aquarium_bridge_straight [aquarium_subvault_bridge,
          aquarium_subvault_balcony, aquarium_subvault_bridge,
          aquarium_subvault_wall], aquarium_bridge_straight
          [aquarium_subvault_bridge, aquarium_subvault_window,
          aquarium_subvault_bridge, aquarium_subvault_wall],
          aquarium_window_fake, aquarium_window_2, aquarium_window_1,
          aquarium_window_fake, aquarium_view_2b, aquarium_balcony_1b,
          aquarium_pool_double, chequers_jeans
D:2:      layout_rooms, shapermc_ecumenical_altar_mp_urbaneastern
D:3:      layout_basic, serial_shops, nicolae_shop_bloodbath_and_beyond
D:4:      layout_loops_ring, nicolae_sif_muna_condensation, lemuel_tele_altar,
          vehumet_crystals, temple_green, serial_shops, shop_fountains
D:5:      layout_gridville, serial_co_window_serial, co_window_paths_b,
          co_window_of_opportunity_a, co_window_paths_b, co_window_corner_a,
          co_window_of_opportunity_a, co_window_paths_b, co_window_corner_a,
          co_window_broadway_a, co_window_broadway_a, co_window_corner_ca,
          co_window_corner_b, co_window_4corner_a, glass_columns_c
D:6:      layout_rooms, nicolae_overflow_hidden_temple, serial_shops,
          nicolae_shop_hallway_plus, minmay_misc_feat_ornament, uniq_sigmund,
          uniq_grinder, uniq_menkaure
D:7:      layout_layer_cave, mainiacjoe_overflow_surrounded_room,
          enter_bailey_2, grunt_decor_junction, uniq_maggie,
          uniq_crazy_yiuf_cottage
D:8:      layout_basic, lemuel_round_altar, minmay_manual_mullet
D:9:      layout_cave_pools, nicolae_ashenzari_panopticon
D:10:     erik_cavepeople, layout_rooms, nemelex_diamond_rough_becter,
          serial_shops, nicolae_shop_overgrown_old_shop, grunt_tough_drop,
          uniq_sonja

Skill      XL: |  1  2  3  4  5  6  7  8  9 10 |
---------------+-------------------------------+-----
Axes           | 4 5 6 7 9 10 12 14 16 | 16.0
Fighting       | 4 6 7 8 9 |  9.8
Armour         | 3 5 6 8 |  8.0
Throwing       | 2 |  2.1
Dodging        | 4 |  4.0

Action                   |  1- 3 |  4- 6 |  7- 9 | 10-12 || total
-------------------------+-------+-------+-------+-------++-------
Melee: Hand axe          |    76 |   128 |   169 |     8 ||   381
       Headbutt          |     9 |    18 |    30 |    28 ||    85
       Punch             |       |     5 |     3 |     1 ||     9
       War axe           |       |       |     5 |   159 ||   164
Throw: Boomerang         |       |    10 |     5 |    34 ||    49
Invok: Berserk           |     3 |     3 |     9 |     5 ||    20
       Trog's Hand       |       |       |     1 |       ||     1
  Use: Scroll            |     6 |    10 |     2 |     2 ||    20
       Potion            |       |     4 |       |     1 ||     5
Armor: Animal skin       |    11 |       |       |       ||    11
       Scale mail        |    12 |     6 |       |       ||    18
       Chain mail        |       |    44 |    67 |    20 ||   131
       Plate armour      |       |       |       |    96 ||    96
Dodge: Dodged            |    42 |    53 |    74 |    68 ||   237
       Repelled          |       |       |     1 |     1 ||     2

Table legend:
 A = Non-vault XP
 B = Vault XP
 C = Vault XP percentage of total XP
 D = Non-vault monster count
 E = Vault monster count
 F = Vault count percentage of total count
                 A         B        C        D         E       F
            +---------+---------+-------+---------+---------+-------
      Total |    8386 |    3033 |  26.6 |     182 |       8 |   4.2
            +---------+---------+-------+---------+---------+-------
        D:1 |      37 |       0 |   0.0 |      21 |       0 |   0.0
        D:2 |      84 |       0 |   0.0 |      21 |       0 |   0.0
        D:3 |      14 |       0 |   0.0 |       3 |       0 |   0.0
        D:4 |     326 |       0 |   0.0 |      26 |       0 |   0.0
        D:5 |     338 |       0 |   0.0 |      14 |       0 |   0.0
        D:6 |     775 |     484 |  38.4 |      15 |       2 |  11.8
        D:7 |     855 |     398 |  31.8 |      11 |       1 |   8.3
        D:8 |    2145 |    2151 |  50.1 |      23 |       5 |  17.9
        D:9 |    3808 |       0 |   0.0 |      45 |       0 |   0.0
       D:10 |       4 |       0 |   0.0 |       3 |       0 |   0.0
            +---------+---------+-------+---------+---------+-------
